 Dungeon Crawl Stone Soup version 0.21.1-1-g345015f (webtiles) character file.

210 johnjohn the Skirmisher (level 5, 0/50 HPs)
             Began as a Minotaur Fighter on June 7, 2018.
             Slain by a gnoll
             ... wielding a +2 spear of flaming
              (2 damage)
             ... on level 4 of the Dungeon.
             The game lasted 00:07:36 (1704 turns).

johnjohn the Skirmisher (Minotaur Fighter)          Turns: 1704, Time: 00:07:39

Health: 0/50       AC:  9    Str: 26    XL:     5   Next: 57%
Magic:  4/4        EV:  4    Int:  5    God:
Gold:   106        SH: 15    Dex: 10    Spells: 4/4 levels left

rFire    . . .     SeeInvis .   r - +0 war axe
rCold    . . .     Gourm    .   i - +0 large shield
rNeg     . . .     Faith    .   q - +0 chain mail
rPois    .         Spirit   .   (helmet restricted)
rElec    .         Reflect  .   (no cloak)
rCorr    .         Harm     .   (no gloves)
MR       +....                  (no boots)
Stlth    ..........             (no amulet)
HPRegen  0.16/turn              n - ring of protection from magic
MPRegen  0.09/turn              (no ring)

@: mighty, lethally poisoned (0 -> -2), glowing
A: retaliatory headbutt, horns 2
a: no special abilities


You were on level 4 of the Dungeon.
You were not hungry.

You visited 1 branch of the dungeon, and saw 4 of its levels.

You collected 106 gold pieces.

Inventory:

Hand Weapons
 g - a +1 hand axe of freezing
 r - a +0 war axe (weapon)
Armour
 c - a +0 shield
 i - a +0 large shield (worn)
 q - a +0 chain mail (worn)
Jewellery
 k - an uncursed amulet of inaccuracy
 n - a ring of protection from magic (left hand)
Scrolls
 a - 5 scrolls of enchant armour {unknown}
 h - a scroll of fear
 l - a scroll of magic mapping {unknown}
 m - a scroll of teleportation
 o - a scroll of identify
 p - a scroll of amnesia {unknown}
Potions
 d - 2 potions of might
 e - a potion of heal wounds
 j - a potion of resistance {unknown}
 s - 2 potions of mutation {unknown}
Comestibles
 b - a chunk of flesh
 f - 5 rations


   Skills:
 + Level 6.0 Fighting
 + Level 5.3 Axes
 - Level 3.6 Armour
 - Level 3.6 Shields


You had 4 spell levels left.
You didn't know any spells.

Dungeon Overview and Level Annotations

Branches:
Dungeon (4/15)
 Temple: D:4-7

Altars:
Qazlal

Annotations:
D:4 Pikel


Innate Abilities, Weirdness & Mutations

You reflexively headbutt those who attack you in melee.
You have a pair of horns on your head.


Message History

You feel sick. You block the gnoll's attack.
Pikel the Slaver comes into view.
He is wielding a whip of electrocution.
The gnoll hits you from afar with a spear of flaming.
* * * LOW HITPOINT WARNING * * *
The gnoll burns you.
* * * LOW HITPOINT WARNING * * *
Found a flail and 9 gold pieces.
Items here: ) [ ††† a club; a leather armour; a gnoll corpse; a jackal corpse x2
You feel sick. The gnoll hits you but does no damage.
A slave comes into view.
Things that are here:
a whip; a gnoll corpse You closely miss the gnoll.
You feel sick.
The slave shouts!
You block the gnoll's attack.
The gnoll hits you with a spear of flaming.
* * * LOW HITPOINT WARNING * * *
The gnoll burns you.
You die...

.$..........)...
..............p.
................
.$.......(......
...>....K.......
................
................
......†)@g......
........#########
.................
........#...#...#
.................
........#...#...
#................
#.......##############
#.....................


You could see Pikel, a slave and a gnoll.

Vanquished Creatures
  An orc priest (D:3)
  A gnoll shaman (D:4)
  A worker ant (D:4)
  3 gnolls (D:4)
  4 adders
  An ooze (D:3)
  A worm (D:3)
  A leopard gecko (D:3)
  5 orcs (D:3)
  2 bats (D:1)
  7 giant cockroaches
  3 goblins
  3 hobgoblins
  6 jackals
  2 quokkas
  4 frilled lizards
  5 kobolds
  4 rats
54 creatures vanquished.

Notes
Turn   | Place    | Note
-------+----------+-------------------------------------------
     0 | D:1      | johnjohn the Minotaur Fighter began the quest for the Orb.
     0 | D:1      | Reached XP level 1. HP: 19/19 MP: 0/0
   202 | D:1      | Reached skill level 4 in Fighting
   212 | D:1      | Reached XP level 2. HP: 27/27 MP: 1/1
   645 | D:2      | Reached XP level 3. HP: 33/34 MP: 2/2
  1079 | D:3      | Reached XP level 4. HP: 41/41 MP: 3/3
  1120 | D:3      | Reached skill level 5 in Fighting
  1426 | D:3      | Found a stormy altar of Qazlal.
  1696 | D:4      | Reached XP level 5. HP: 22/49 MP: 4/4
  1696 | D:4      | Reached skill level 5 in Axes
  1699 | D:4      | Reached skill level 6 in Fighting
  1702 | D:4      | Noticed Pikel
  1704 | D:4      | Noticed a slave
  1704 | D:4      | HP: 2/50 [gnoll/spear of flaming (6)]
  1704 | D:4      | Slain by a gnoll

Skill      XL: |  1  2  3  4  5 |
---------------+----------------+-----
Fighting       | 4 5 6 |  6.0
Axes           | 3 4 5 |  5.3
Armour         | |  3.6
Shields        | |  3.6

Action                   |  1- 3 |  4- 6 || total
-------------------------+-------+-------++-------
Melee: War axe           |    64 |    53 ||   117
       Headbutt          |    11 |     7 ||    18
  Use: Scroll            |       |     4 ||     4
       Potion            |       |     1 ||     1
  Eat: Chunk             |     1 |     2 ||     3
Armor: Scale mail        |    16 |       ||    16
       Chain mail        |     4 |    36 ||    40
Dodge: Dodged            |     9 |    10 ||    19
Block: Large shield      |    46 |    64 ||   110
       Shield            |     1 |       ||     1
